 Dungeon Crawl Stone Soup version 0.23.0 (webtiles) character file.

Game seed: 16018245213589634514

1220 1994 the Insei (level 8, 0/66 HPs)
             Began as a Black Draconian Transmuter on Feb 13, 2019.
             Slain by a gargoyle
             ... wielding a +0 mace
              (8 damage)
             ... on level 8 of the Dungeon.
             The game lasted 00:22:15 (5750 turns).

1994 the Insei (Black Draconian Transmuter)         Turns: 5750, Time: 00:22:16

Health: 0/66       AC:  9    Str: 13    XL:     8   Next: 23%
Magic:  2/14       EV: 14    Int: 14    God:
Gold:   194        SH:  0    Dex: 13    Spells: 5/15 levels left

rFire    . . .     SeeInvis +     - Unarmed
rCold    . . .     Gourm    .   (no shield)
rNeg     . . .     Faith    .   (armour unavailable)
rPois    .         Spirit   .   o - +1 hat
rElec    +         Reflect  .   v - +0 cloak
rCorr    .         Harm     .   (no gloves)
MR       .....                  u - +0 pair of boots
Stlth    ++........             (no amulet)
HPRegen  0.21/turn              e - ring of see invisible
MPRegen  0.14/turn              t - ring of wizardry

@: appendage
A: breathe lightning, unfitting armour, horns 2, electricity resistance,
cold-blooded, AC +6
a: Breathe Lightning, End Transformation


You were on level 8 of the Dungeon.
You were very hungry.
You had grown temporary horns.
You visited 1 branch of the dungeon, and saw 7 of its levels.

You collected 194 gold pieces.

Inventory:

Missiles
 a - 80 arrows
Armour
 o - a +1 hat (worn)
 u - a +0 pair of boots (worn)
 v - a +0 cloak (worn)
Jewellery
 e - a ring of see invisible (left hand)
 r - an uncursed ring of magical power {unknown}
 t - a ring of wizardry (right hand)
 z - a +3 ring of strength
Scrolls
 b - 3 scrolls of remove curse
 f - 2 scrolls of teleportation
 g - a scroll of noise {unknown}
 j - a scroll of fear {unknown}
 m - 3 scrolls of magic mapping
 w - a scroll of amnesia
 x - a scroll of enchant weapon {unknown}
 y - 2 scrolls of fog
Potions
 d - 2 potions of flight {unknown}
 h - 2 potions of lignification {unknown}
 i - a potion of curing {unknown}
 k - a potion of magic {unknown}
 l - 3 potions of cancellation
 n - 2 potions of might
 p - a potion of haste {unknown}
 q - a potion of heal wounds {unknown}
 s - 2 potions of brilliance {unknown}
 A - a potion of degeneration {unknown}
 B - a potion of resistance {unknown}
Comestibles
 c - 8 rations


   Skills:
 + Level 3.8 Fighting
 * Level 4.1 Dodging
 - Level 2.5 Stealth
 * Level 5.3 Unarmed Combat
 * Level 4.2 Spellcasting
 * Level 4.6 Transmutations
 + Level 1.6 Ice Magic


You had 5 spell levels left.
You knew the following spells:

 Your Spells              Type           Power        Failure   Level  Hunger
a - Beastly Appendage     Tmut           ###...       1%          1    None
b - Sticks to Snakes      Tmut           ###.....     1%          2    ##.....
c - Spider Form           Tmut/Pois      #.........   9%          3    ###....
d - Ice Form              Ice/Tmut       ##......     21%         4    ####...

Your spell library contained the following spells:

 Spells                   Type           Power        Failure   Level  Hunger
 Sting                    Conj/Pois      #...         8%          1    None
 Poisonous Vapours        Pois/Air       #.....       12%         2    ##.....
 Mephitic Cloud           Conj/Pois/Air  #.......     22%         3    ###....
 Blade Hands              Tmut           ###.......   32%         5    ######.
 Olgreb's Toxic Radiance  Pois           #.......     56%         4    ####...
 Venom Bolt               Conj/Pois      #.........   88%         5    ######.


Dungeon Overview and Level Annotations

Branches:
Dungeon (8/15)
 Temple: D:4-7         Lair: D:8-11

Altars:
Ashenzari
Kikubaaqudgha
Wu Jian
Yredelemnul

Shops:
D:5 !


Innate Abilities, Weirdness & Mutations

You can breathe wild blasts of lightning.
Your glossy black scales are hard. (AC +6)
You cannot fit into any form of body armour.
You are resistant to electric shocks. (rElec)
You are cold-blooded and may be slowed by cold attacks.
You have a pair of horns on your head.


Message History

You grow a pair of large bovine horns.
Your ball python barely misses the gargoyle.
Your adder bites the gargoyle but does no damage.
Your ball python bites the gargoyle but does no damage.
Your ball python constricts the gargoyle.
The gargoyle hits you with a +0 mace!
* * * LOW HITPOINT WARNING * * *
You hit the gargoyle but do no damage. Your headbutt misses the gargoyle.
You tail-slap the gargoyle, but do no damage.
The gargoyle is heavily damaged.
Your ball python bites the gargoyle but does no damage.
Your adder bites the gargoyle but does no damage.
Your ball python bites the gargoyle but does no damage.
Your ball python constricts the gargoyle.
You hit the gargoyle but do no damage.
The gargoyle is heavily damaged.
Your adder bites the gargoyle but does no damage.
Your ball python bites the gargoyle but does no damage.
The gargoyle hits you with a +0 mace!
You die...

.#.###.## #......
.........### #......
...........# #..[...
#######....#####......
###%###...##........
##+.'##8#...##....###.
#+....S'###......... #.
#......9#8#...######.#.
#+.....@SS.....######.#.
#....8..................
#+.............######.#.
#.......#8#...#......#.
#+.....+###...#......+.
##+.+## ....#......## ##
....#.....#..
.#+#.###.#.# ...###...#


You could see a gargoyle, a friendly adder and 2 friendly ball pythons.

Vanquished Creatures
  An ice beast (D:8)
  A phantom (D:8)
  A sky beast (D:7)
  A centaur (D:5)
  An ogre (D:4)
  A scorpion (D:4)
  A howler monkey (D:4)
  4 crimson imps
  A hound (D:8)
  Crazy Yiuf (D:3)
  A bullfrog skeleton (D:5)
  2 orc priests
  A centaur skeleton (D:8)
  A gnoll shaman (D:7)
  5 orc wizards
  A worker ant (D:4)
  A hound skeleton (D:8)
  3 gnolls (D:7)
  5 adders
  An ooze (D:3)
  An adder zombie (D:5)
  2 adder skeletons
  A worm (D:3)
  4 leopard geckos
  9 orcs
  6 bats
  2 giant cockroaches
  5 goblins
  6 hobgoblins
  2 jackals (D:2)
  4 kobolds
  4 quokkas
  4 frilled lizards
  A quokka zombie (D:5)
  7 rats
92 creatures vanquished.

Vanquished Creatures (collateral kills)
  A worker ant (D:4)
  An adder (D:2)
2 creatures vanquished.

Grand Total: 94 creatures vanquished

Notes
Turn   | Place    | Note
-------+----------+-------------------------------------------
     0 | D:1      | 1994 the Draconian Transmuter began the quest for the Orb.
     0 | D:1      | Reached XP level 1. HP: 16/16 MP: 3/3
   152 | D:1      | Reached XP level 2. HP: 23/23 MP: 3/5
   881 | D:2      | Learned a level 2 spell: Sticks to Snakes
   902 | D:2      | Found an ancient bone altar of Kikubaaqudgha.
  1261 | D:2      | Reached XP level 3. HP: 22/29 MP: 3/6
  1438 | D:2      | Found a basalt altar of Yredelemnul.
  1735 | D:2      | Found a shattered altar of Ashenzari.
  1735 | D:2      | Found an ornate altar of the Wu Jian Council.
  1886 | D:3      | Found a runed translucent door.
  1887 | D:3      | Noticed Crazy Yiuf
  1892 | D:3      | Learned a level 3 spell: Spider Form
  2971 | D:3      | Found a faded altar of an unknown god.
  3244 | D:3      | Killed Crazy Yiuf
  3244 | D:3      | Reached XP level 4. HP: 36/36 MP: 3/7
  3359 | D:4      | Reached skill level 1 in Stealth
  3504 | D:4      | Reached XP level 5. HP: 38/42 MP: 5/8
  3505 | D:4      | Noticed an ogre
  3526 | D:4      | Killed an ogre
  3602 | D:4      | Reached skill level 4 in Unarmed Combat
  3602 | D:4      | Reached XP level 6. HP: 49/51 MP: 7/10
  4225 | D:4      | Learned a level 4 spell: Ice Form
  4522 | D:5      | Entered Level 5 of the Dungeon
  4652 | D:4      | Your scales start taking on a glossy black colour.
  4652 | D:4      | Reached XP level 7. HP: 6/57 MP: 9/12
  4652 | D:4      | Gained mutation: You are resistant to electric shocks.
                  | (rElec) [Black Draconian growth]
  4996 | D:5      | Found Luaqyl's Distillery.
  5088 | D:5      | You fall through a shaft for 3 floors!
  5192 | D:8      | Reached skill level 1 in Ice Magic
  5274 | D:8      | Reached skill level 5 in Unarmed Combat
  5310 | D:7      | Reached XP level 8. HP: 66/66 MP: 4/14
  5732 | D:8      | Noticed a gargoyle
  5750 | D:8      | Slain by a gargoyle

Skill      XL: |  1  2  3  4  5  6  7  8 |
---------------+-------------------------+-----
Dodging        | 2 3 4 |  4.1
Fighting       | 2 3 |  3.8
Stealth        | 1 2 |  2.5
Transmutations | 3 4 |  4.6
Unarmed Combat | 4 5 |  5.3
Spellcasting   | 3 4 |  4.2
Ice Magic      | 1 |  1.6

Action                   |  1- 3 |  4- 6 |  7- 9 || total
-------------------------+-------+-------+-------++-------
Melee: Unarmed           |   199 |   142 |   106 ||   447
       Tailslap          |    15 |    17 |     4 ||    36
       Headbutt          |     4 |    17 |    17 ||    38
       Kick              |     7 |       |       ||     7
       Punch             |     1 |     2 |     1 ||     4
 Cast: Beastly Appendage |    18 |    17 |    10 ||    45
       Sticks to Snakes  |     2 |     1 |     6 ||     9
       Spider Form       |     1 |     3 |     1 ||     5
       Ice Form          |       |       |     2 ||     2
 Abil: End Transformatio |       |     1 |       ||     1
       Breathe Lightning |       |       |     1 ||     1
  Use: Scroll            |       |     7 |       ||     7
 Stab: Sleeping          |       |       |     1 ||     1
  Eat: Chunk             |     9 |     5 |     4 ||    18
Armor: Skin              |    75 |    33 |    28 ||   136
Dodge: Dodged            |   112 |   105 |    59 ||   276
